 Dungeon Sprint DCSS version 0.22-a0-322-g60b3cfd (webtiles) character file.

11 emperorscorpion the Firebug (level 2, -2/22 HPs)
             Began as a Naga Fire Elementalist on Apr 5, 2018.
             Slain by a howler monkey (4 damage)
             ... in the Dungeon (Sprint IX: "|||||||||||||||||||||||||||||").
             The game lasted 00:01:14 (154 turns).

emperorscorpion the Firebug (Naga Fire Elementalist) Turns: 154, Time: 00:01:14

Health: -2/22      AC:  1    Str: 10    XL:     2   Next: 25%
Magic:  2/5        EV: 10    Int: 15    God:
Gold:   0          SH:  0    Dex: 11    Spells: 5/6 levels left

rFire    . . .     SeeInvis +   (no weapon)
rCold    . . .     Gourm    .   (no shield)
rNeg     . . .     Faith    .   a - +0 robe
rPois    +         Spirit   .   (no helmet)
rElec    .         Reflect  .   (no cloak)
rCorr    .         Harm     .   (no gloves)
MR       .....     NoTele   +   (no barding)
Stlth    ++........             (no amulet)
HPRegen  0.07/turn              (no ring)
MPRegen  0.09/turn              (no ring)

@: berserk cooldown, slowed, very slow
A: large, see invisible, deformed body, poison resistance, slowness 2, slow
metabolism 1, spit poison 1, AC +0
a: Spit Poison


You were in the Dungeon.
You were not hungry.

You visited 1 branch

Inventory:

Armour
 a - a +0 robe (worn)
Scrolls
 i - a scroll of blinking
Potions
 d - a potion of curing
 f - a potion of haste
 g - 2 potions of magic
Comestibles
 b - 3 chunks of flesh
 c - a ration


   Skills:
 + Level 2.0 Dodging
 + Level 3.6 Stealth
 + Level 0.2 Unarmed Combat
 + Level 2.5 Spellcasting
 + Level 1.0 Conjurations
 + Level 4.4 Fire Magic


You had 5 spell levels left.
You knew the following spells:

 Your Spells              Type           Power        Failure   Level  Hunger
a - Flame Tongue          Conj/Fire      ##...        7%          1    #......


Dungeon Overview and Level Annotations

Branches:
Dungeon (1/1)

Altars:


Innate Abilities, Weirdness & Mutations

You cannot wear boots.
Your serpentine skin is tough. (AC +0)
You have supernaturally acute eyesight. (SInv)
Armour fits poorly on your strangely shaped body.
Your system is resistant to poisons. (rPois)
You cover ground very slowly.
You have a slow metabolism.
You can spit poison.


Message History

You feel yourself slow down.
You closely miss the howler monkey.
The howler monkey is moderately wounded.
The howler monkey closely misses you. The howler monkey misses you.
You closely miss the howler monkey.
The howler monkey is moderately wounded.
The howler monkey closely misses you. The howler monkey hits you.
* * * LOW HITPOINT WARNING * * *
You barely miss the howler monkey.
The howler monkey is moderately wounded.
The howler monkey hoots and howls with incredible vigour!
The howler monkey completely misses you.
You barely miss the howler monkey.
The howler monkey is moderately wounded.
The howler monkey hoots and howls with incredible vigour!
The howler monkey hits you but does no damage.
You completely miss the howler monkey.
The howler monkey is moderately wounded.
The howler monkey hits you.
You die...

▓+▓
▓.▓
▓.▓
▓.▓
▓.▓
▓O▓
▓h▓
▓@▓
▓.▓
▓.▓
▓.▓
▓)▓
▓÷▓
▓.▓
▓.▓
▓.▓


You could see an ogre and a howler monkey.

Vanquished Creatures
  An adder skeleton (D)
  3 bats (D)
  A bat skeleton (D)
  A hobgoblin (D)
  A frilled lizard (D)
  A quokka skeleton (D)
8 creatures vanquished.

Notes
Turn   | Place    | Note
-------+----------+-------------------------------------------
     0 | D        | emperorscorpion the Naga Fire Elementalist began the quest for the Orb.
     0 | D        | Reached XP level 1. HP: 15/15 MP: 3/3
   122 | D        | Noticed an ogre
   122 | D        | Noticed a howler monkey
   126 | D        | Reached skill level 4 in Fire Magic
   127 | D        | Reached XP level 2. HP: 13/22 MP: 0/5
   151 | D        | HP: 1/22 [howler monkey (3)]
   154 | D        | Slain by a howler monkey

Vault maps used:
D:        linesprint

Skill      XL: |  1  2 |
---------------+-------+-----
Fire Magic     | 4 |  4.4
Dodging        | 2 |  2.0
Stealth        | |  3.6
Unarmed Combat | |  0.2
Spellcasting   | |  2.5
Conjurations   | |  1.0

Action                   || total
-------------------------++-------
Melee: Unarmed           ||    38
 Cast: Flame Tongue      ||     7
  Use: Potion            ||     2
Armor: Robe              ||     6
Dodge: Dodged            ||    16

Table legend:
 A = Spawn XP
 B = Non-spawn XP
 C = Spawn XP percentage of total XP
 D = Spawn monster count
 E = Non-spawn monster count
 F = Spawn count percentage of total count
 G = Total turns spent on level
                    A         B        C        D         E        F      G
               +---------+---------+-------+---------+---------+-------+---------
         Total |       0 |      16 |   0.0 |       0 |       8 |   0.0 |   154
               +---------+---------+-------+---------+---------+-------+---------
             D |       0 |      16 |   0.0 |       0 |       8 |   0.0 |   154
               +---------+---------+-------+---------+---------+-------+---------
